 Dungeon Crawl Stone Soup version 0.26-a0-651-gb41185065b (webtiles) character file.

Game seed: 14154947003862882891

462 Brawrur the Sneak (level 6, -5/57 HPs)
             Began as a Deep Dwarf Delver on Oct 23, 2020.
             Was an Initiate of Makhleb.
             Slain by a lemure (6 damage)
             ... led by Pikel
             ... on level 5 of the Dungeon.
             The game lasted 00:07:06 (3506 turns).

Brawrur the Sneak (Deep Dwarf Delver)               Turns: 3506, Time: 00:07:06

Health: -5/57      AC:  6    Str: 18    XL:     6   Next: 79%
Magic:  2/2        EV: 11    Int: 10    God:    Makhleb [......]
Gold:   217        SH:  0    Dex: 14    Spells: 5/5 levels left

rFire    . . .     SeeInvis .   a - +0 hand axe
rCold    + . .     Faith    .   (no shield)
rNeg     . . .     Spirit   .   v - +0 scale mail {rC+}
rPois    .         Reflect  .   (no helmet)
rElec    .         Harm     .   (no cloak)
rCorr    .         Rampage  .   (no gloves)
MR       .....                  (no boots)
Stlth    ++........             (no amulet)
HPRegen  0.00/turn              (no ring)
MPRegen  0.08/turn              (no ring)

@: stab, non-regenerating, hasted, very quick
A: damage resistance, heal wounds, sense surroundings 1, no regeneration
a: Heal Wounds, Renounce Religion


You were on level 5 of the Dungeon.
You worshipped Makhleb.
Makhleb was noncommittal.
You visited 2 branches of the dungeon, and saw 6 of its levels.

You collected 217 gold pieces.

Inventory:

Hand Weapons
 a - a +0 hand axe (weapon)
 x - a +2 long sword of flaming
Armour
 b - a +0 leather armour
 t - a +0 ring mail
 v - a +0 scale mail of cold resistance (worn)
Wands
 g - a wand of digging (3)
 h - a wand of iceblast (10)
 i - a wand of random effects (16)
 q - a wand of flame (17)
Scrolls
 c - a scroll of fog
 d - 2 scrolls of magic mapping
 e - 2 scrolls of fear
 j - 4 scrolls of enchant weapon {unknown}
 l - 3 scrolls of identify {unknown}
 m - 2 scrolls of amnesia {unknown}
 p - a scroll of blinking {unknown}
 s - a scroll of remove curse {unknown}
 u - a scroll of random uselessness {unknown}
 w - a scroll of enchant armour {unknown}
Potions
 k - a potion of stabbing
 n - 2 potions of might


   Skills:
 * Level 4.0 Fighting
 * Level 5.4 Axes
 + Level 2.2 Armour
 + Level 2.9 Dodging
 + Level 7.3 Stealth


You had 5 spell levels left.
You didn't know any spells.
Your spell library was empty.

Dungeon Overview and Level Annotations

Branches:
Dungeon (5/15)             Temple (1/1) D:4

Altars:
Cheibriados
Dithmenos
Elyvilon
Kikubaaqudgha
Makhleb
Nemelex Xobeh
Okawaru
Ru
Sif Muna
Trog
Uskayaw
Vehumet
Wu Jian
Xom
Yredelemnul
Zin

Annotations:
D:5 Pikel


Innate Abilities, Weirdness & Mutations

You are resistant to damage.
You can heal yourself by infusing magical energy.
You passively map a small area around you.
You do not regenerate.


Message History

* * * LOW HITPOINT WARNING * * *
Pikel burns you. The lemure hits you.
* * * LOW HITPOINT WARNING * * *
The lemure hits you but does no damage. The lemure hits you.
* * * LOW HITPOINT WARNING * * *
Unknown command.
You completely miss the lemure.
The lemure is almost dead.
You hit the lemure. You hit Pikel but do no damage.
You hit the lemure but do no damage. You hit the lemure.
The lemure barely misses you. The lemure hits you.
Pikel hits you with a +2 whip of flaming.
* * * LOW HITPOINT WARNING * * *
Pikel burns you. The lemure barely misses you.
You miss the lemure.
The lemure is severely wounded.
You hit the lemure. You closely miss the lemure.
You hit Pikel but do no damage. You hit the lemure but do no damage.
The lemure hits you!
You die...

#....#.........#..#...
#....##+##.....####...
*
##.......#...........#
,
##...(...####'#......#
* ,
#.........÷...#......+
,
#.............#......#
, *
##...##..##...#......#
,#...##..##...#......#
,,#..5@5..#....#......#
* +..5K5..#....#...<...
#.......#....#....... ,
#.......#....#....... ,
######..##.........†. *
,, ..##..######### ,
...*. * * ...# , , *


You could see Pikel and 4 lemures.

Vanquished Creatures
  An ogre (D:4)
  A hound (D:2)
  An orc priest (D:3)
  An iguana (D:4)
  Natasha (thrice) (D:2)
  2 worker ants
  4 gnolls (D:2)
  An adder (D:5)
  An ooze (D:1)
  6 worms
  6 dart slugs
  A leopard gecko (D:4)
  5 orcs
  6 giant cockroaches
  8 goblins
  8 hobgoblins
  10 jackals
  3 quokkas (D:3)
  3 ball pythons
  A bat (D:2)
  4 frilled lizards
  10 kobolds
  A quokka skeleton (D:4)
  9 rats
96 creatures vanquished.

Notes
Turn   | Place    | Note
-------+----------+-------------------------------------------
     0 | D:5      | Brawrur the Deep Dwarf Delver began the quest for the Orb.
     0 | D:5      | Reached XP level 1. HP: 20/20 MP: 1/1
    51 | D:5      | Reached XP level 2. HP: 22/27 MP: 2/2
   227 | D:5      | Reached XP level 3. HP: 31/34 MP: 3/3
   254 | D:4      | Noticed an ogre
   324 | D:3      | Reached XP level 4. HP: 25/42 MP: 4/4
   423 | D:3      | Reached skill level 1 in Armour
  1065 | D:2      | Noticed Natasha
  1078 | D:2      | Killed Natasha
  1078 | D:2      | Reached skill level 7 in Stealth
  1078 | D:2      | Reached XP level 5. HP: 20/49 MP: 5/5
  1104 | D:2      | Found an ancient bone altar of Kikubaaqudgha.
  1309 | D:2      | Noticed Natasha
  1326 | D:2      | Killed Natasha
  1351 | D:2      | Reached XP level 6. HP: 26/57 MP: 4/4
  1422 | D:2      | Noticed Natasha
  1430 | D:2      | Killed Natasha
  1614 | D:2      | Found a bloodstained altar of Trog.
  2550 | D:4      | Found a staircase to the Ecumenical Temple.
  2561 | Temple   | Entered the Ecumenical Temple
  2913 | Temple   | Became a worshipper of Makhleb the Destroyer
  2955 | D:4      | Reached skill level 5 in Axes
  3481 | D:5      | Noticed Pikel
  3505 | D:5      | HP: 1/57 [Pikel/+2 whip of flaming (5)]
  3506 | D:5      | Slain by a lemure

Illustrated notes

Levels and vault maps discovered:
D:1:      scummos_arrival_checkerplants, layout_basic, st_stairs_6
D:2:      layout_rooms, lightli_temple_of_fire, lemuel_round_altar, uniq_natasha
D:3:      layout_loops_ring
D:4:      layout_rooms, minmay_temple_entry_statues_fountains
D:5:      layout_gridville, fedhas_altar_2, uniq_pikel
Temple:   minmay_temple_curvy_branch

Skill      XL: |  1  2  3  4  5  6 |
---------------+-------------------+-----
Fighting       | 3 4 |  4.0
Axes           | 3 4 5 |  5.4
Armour         | 1 2 |  2.2
Stealth        | 7 |  7.3
Dodging        | |  2.9

Action                   |  1- 3 |  4- 6 || total
-------------------------+-------+-------++-------
Melee: Hand axe          |    49 |   313 ||   362
 Abil: Heal Wounds       |     2 |    11 ||    13
  Use: Potion            |       |    12 ||    12
 Stab: Sleeping          |     7 |    18 ||    25
       Distracted        |       |     3 ||     3
Armor: Leather armour    |     7 |    28 ||    35
       Scale mail        |       |    27 ||    27
       Ring mail         |       |     2 ||     2
       Skin              |       |     2 ||     2
Dodge: Dodged            |    35 |   202 ||   237

Table legend: (Time is in decaauts)
 A = Elapsed time spent in this place.
 B = Non-inter-level travel time spent in this place.
 C = Inter-level travel time spent in this place.
 D = Time resting spent in this place.
 E = Time spent auto-exploring this place.
 F = Levels seen in this place.
 G = Mean time per level.
                   A        B        C        D        E       F      G
               +--------+--------+--------+--------+--------+-----+--------+
         Total |   3525 |   3050 |    475 |     21 |   2170 |   6 |  587.5 |
       Dungeon |   3140 |   2807 |    333 |     21 |   1947 |   5 |  628.0 |
        Temple |    384 |    242 |    142 |      0 |    223 |   1 |  384.0 |
               +--------+--------+--------+--------+--------+-----+--------+

Top non-repeatable levels by time:
     D:3: 973 daAuts
     D:2: 689 daAuts
     D:1: 649 daAuts
     D:4: 549 daAuts
  Temple: 384 daAuts
     D:5: 278 daAuts
